 Dungeon Crawl Stone Soup version 0.14-a0-2443-g5aee772 (webtiles) character file.

1730 4tharraofdagon the Chiller (level 8, -6/56 HPs)
             Began as a Mummy Ice Elementalist on Feb 5, 2014.
             Was a Follower of Dithmengos.
             Mangled by a brown ooze (19 damage)
             ... on Level 6 of the Dungeon on Feb 6, 2014.
             The game lasted 00:18:40 (5049 turns).

4tharraofdagon the Chiller (Mummy Ice Elementalist) Turns: 5049, Time: 00:18:40

HP  -6/56        AC  5     Str 11      XL: 8   Next: 44%
MP  23/27        EV 10     Int 16      God: Dithmengos [*.....]
Gold 302         SH  0     Dex 12      Spells:  3 memorised,  6 levels left

rFire  x . .     SeeInvis .     f - +2,+1 whip (elec)
rCold  + . .     Clarity  .     j - -1 leather armour
rNeg   + + +     Conserve .     (no shield)
rPois  +         rCorr    .     (no helmet)
rElec  .         rRot     +     D - +1 cloak
SustAb . .       Spirit   .     (no gloves)
rMut   .         Warding  .     x - +0 pair of boots
Saprov . . .     Stasis   .     (no amulet)
MR     +....                    (no ring)
                                c - ring of magical power

@: wreathed by umbra, somewhat resistant to hostile enchantments, stealthy
A: no food or potions, fire vulnerability, restore body, cold resistance 1, life
protection 3, poison resistance, torment resistance, unbreathing
a: Renounce Religion


You were on level 6 of the Dungeon.
You worshipped Dithmengos.
Dithmengos was aware of your devotion.
You were not hungry.

You visited 1 branch of the dungeon, and saw 7 of its levels.

You collected 302 gold pieces.

Inventory:

Hand weapons
 e - a -3,-1 dagger
 f - a +2,+1 whip of electrocution (weapon)
 r - a +0,+0 morningstar
 A - a cursed -1,+0 orcish trident
 B - a +1,+0 flail of protection
 C - a +4,+2 quarterstaff of chaos
Missiles
 u - 21 darts (quivered)
 F - 7 javelins
Armour
 a - a +0 robe
 j - a -1 leather armour (worn)
 v - a +0 scale mail
 w - a +0 scale mail
 x - a +0 pair of boots (worn)
 D - a +1 cloak (worn)
Magical devices
 d - a wand of random effects (14)
 h - a wand of teleportation (4)
 n - a wand of paralysis (8)
 o - a wand of polymorph (1)
Scrolls
 g - 2 scrolls of teleportation
 k - a scroll of immolation {unknown}
 l - a scroll of random uselessness {unknown}
 m - 2 scrolls of enchant armour {unknown}
 p - 3 scrolls of remove curse
 q - 2 scrolls of fear {unknown}
 s - 2 scrolls of enchant weapon I {unknown}
 t - 2 scrolls of blinking {unknown}
 y - 3 scrolls of identify {unknown}
 z - a scroll of curse jewellery {unknown}
 E - a scroll of fog {unknown}
Jewellery
 c - a ring of magical power (left hand)
Potions
 i - a potion of curing {unknown}
Books
 b - a book of Frost

   Spells                             Type                      Level
   *Freeze                            Ice                          1
   Throw Frost                        Conjuration/Ice              2
   Ozocubu's Armour                   Charms/Ice                   3
   *Throw Icicle                      Conjuration/Ice              4
   *Summon Ice Beast                  Ice/Summoning                4
   Condensation Shield                Ice                          4


   Skills:
 + Level 1.9 Fighting
 * Level 2.6 Maces & Flails
 - Level 1.5 Dodging
 - Level 1.5 Stealth
 + Level 4.3 Spellcasting
 * Level 3.6 Conjurations
 + Level 0.7 Summonings
 * Level 5.7 Ice Magic
 + Level 2.8 Evocations


You had 6 spell levels left.
You knew the following spells:

 Your Spells              Type           Power        Failure   Level  Hunger
a - Freeze                Ice            ###.         1%          1    N/A
b - Summon Ice Beast      Ice/Summ       ##........   50%         4    N/A
c - Throw Icicle          Conj/Ice       ###.....     28%         4    N/A

Dungeon Overview and Level Annotations

Branches:
Dungeon (7/16)
 Temple: D:4-7

Altars:
Cheibriados
Dithmengos
Elyvilon


Innate Abilities, Weirdness & Mutations

You do not eat or drink.
Your flesh is vulnerable to fire.
Your flesh is cold resistant.
You are immune to negative energy.
Your system is resistant to poisons.
You are immune to unholy pain and torment.
You can survive without breathing.


Message History

Aim: a brown ooze (moderately wounded, umbra)
You freeze the brown ooze.
The brown ooze is moderately wounded.
The brown ooze hits you!
You are splashed with acid!
The acid burns!
Casting: Freeze
Confirm with . or Enter, or press ? or * to list all spells.
Aiming: Freeze
Press: ? - help, Shift-Dir - straight line, f/p - brown ooze
Aim: a brown ooze (moderately wounded, umbra)
You freeze the brown ooze.
The brown ooze is moderately wounded.
The brown ooze hits you.
You are splashed with acid!
The acid corrodes your +0 leather armour!
The acid burns!
* * * LOW HITPOINT WARNING * * *
Casting: Freeze
Confirm with . or Enter, or press ? or * to list all spells.
Okay, then.
The brown ooze hits you!
You die...

..# #%..#
######...####.###.... ###
#...# #........# #...# #...#
#...###### ###.# #...#####
#...# #.# #.......#
###...### #.# #.......#
#.......# #.#
#....8..###.##.##.# #<.
###.......#.......##########
.........#.#@##............#
######.....J....##.##.##.#.#
#....>#.......##.##.#
#.....#.......##....#
#..........##.##.####
##.#.##.##.##.##.####.#
#.#.##.##.##J##......# #.#.
........##.######
.#####.....# #.#


You could see a brown ooze.

Vanquished Creatures
  A tengu (D:7)
  2 ogres
  A goliath beetle (D:7)
  4 crimson imps
  4 hounds
  A black bear zombie (D:6)
  4 orc wizards
  Crazy Yiuf (D:3)
  An iguana (D:5)
  A scorpion (D:6)
  4 orc priests
  A giant frog skeleton (D:6)
  Natasha (D:3)
  4 worker ants
  A killer bee zombie (D:6)
  Ijyb (D:3)
  Jessica (D:3)
  A hound zombie (D:6)
  A hound skeleton (D:6)
  4 gnolls
  11 adders
  An inept feature mimic (D:3)
  3 worms
  An adder zombie (D:6)
  7 giant geckos
  2 oozes
  14 orcs
  A ball python (D:4)
  A bat zombie (D:6)
  6 giant cockroaches
  9 goblins
  9 hobgoblins
  18 kobolds
  3 quokkas
  11 bats
  A giant gecko zombie (D:6)
  5 giant newts
  2 goblin skeletons
  2 hobgoblin skeletons (D:6)
  7 jackals
  A kobold skeleton (D:6)
  A kobold zombie (D:6)
  A quokka zombie (D:6)
  8 rats
  A rat zombie (D:5)
  A fungus (D:3)
166 creatures vanquished.

Vanquished Creatures (others)
  An adder (D:7)
1 creature vanquished.

Grand Total: 167 creatures vanquished

Notes
Turn   | Place    | Note
--------------------------------------------------------------
     0 | D:1      | 4tharraofdagon, the Mummy Ice Elementalist, began the quest for the Orb.
     0 | D:1      | Reached XP level 1. HP: 13/13 MP: 3/3
     7 | D:1      | You fall through a shaft!
    56 | D:2      | Found a shadowy altar of Dithmengos.
    60 | D:2      | Became a worshipper of Dithmengos
    66 | D:2      | Reached XP level 2. HP: 16/19 MP: 0/4
   133 | D:3      | Noticed Ijyb
   208 | D:3      | Killed Ijyb
   208 | D:3      | Reached skill level 3 in Ice Magic
   229 | D:3      | Reached XP level 3. HP: 21/24 MP: 1/6
   249 | D:5      | Entered Level 5 of the Dungeon
   367 | D:4      | Reached XP level 4. HP: 21/30 MP: 8/8
   373 | D:4      | Learned a level 4 spell: Summon Ice Beast
   876 | D:5      | Reached skill level 4 in Ice Magic
   886 | D:5      | Reached XP level 5. HP: 30/35 MP: 11/11
   948 | D:5      | Reached skill level 1 in Evocations
  1002 | D:5      | Learned a level 4 spell: Throw Icicle
  1009 | D:5      | Reached skill level 1 in Conjurations
  1290 | D:5      | Reached XP level 6. HP: 41/41 MP: 13/13
  1612 | D:4      | Noticed an ogre
  1619 | D:4      | Killed an ogre
  1832 | D:3      | Noticed Terence
  1834 | D:3      | Noticed Natasha
  1995 | D:1      | Reached XP level 7. HP: 29/46 MP: 15/15
  2662 | D:2      | Reached skill level 5 in Ice Magic
  3337 | D:3      | Killed Natasha
  3337 | D:3      | Reached skill level 1 in Fighting
  3470 | D:3      | Noticed Terence
  3470 | D:3      | Terence changed into Terence the jackal
  3472 | D:3      | Killed Terence the jackal
  3633 | D:3      | Reached skill level 1 in Maces & Flails
  3688 | D:3      | Found a snail-covered altar of Cheibriados.
  3689 | D:3      | Found a white marble altar of Elyvilon.
  3703 | D:3      | Noticed Jessica
  3708 | D:3      | Killed Jessica
  3809 | D:3      | Noticed Crazy Yiuf
  3815 | D:3      | Killed Crazy Yiuf
  4305 | D:6      | Noticed a two-headed ogre
  4309 | D:6      | Noticed a brown ooze
  4309 | D:6      | a two-headed ogre changed into a brown ooze
  4404 | D:7      | Reached XP level 8. HP: 33/54 MP: 13/18
  5049 | D:6      | Mangled by a brown ooze

Action                   |  1- 3 |  4- 6 |  7- 9 || total
-------------------------+-------+-------+-------++-------
Melee: Unarmed           |     4 |       |       ||     4
       Dagger            |     4 |    27 |     1 ||    32
       Whip              |       |       |    91 ||    91
 Cast: Freeze            |    29 |   127 |   187 ||   343
Evoke: Wand              |     2 |     3 |     9 ||    14
  Use: Scroll            |       |     3 |     2 ||     5
 Stab: Sleeping          |       |       |     5 ||     5
       Distracted        |       |       |     1 ||     1
